AoeStats
← jphilkill

Arena

505607206Analyzed
4v4 RM · 23d ago on Sep 10, 2026· 45m 49s· 8 players
Game mode
Random Map
Map size
Large (8 player)
Population
200
Speed
Normal
Resources
Standard
Victory
Conquest
Starting age
Dark Age
Ending age
Imperial Age
RankedLock teamsTeams togetherTeam positionsShared explorationLock speedFull tech treeHidden civsTurbo modeCheats
Victory
Defeat
🇨🇳 Huns · China
1045
+18
🇨🇳 Malay · China
1041
+18
🇮🇳 Khmer · India
1013
+19
🇸🇪 Persians · Sweden
1012
+19
🇨🇦 Wu · Canada
1191
-23
🇺🇸 Saracens · United States
1163
-22
🇳🇱 Mongols · Netherlands
1005
-15
🇩🇪 Burgundians · Germany
965
-14
f4k3gamer
10:52 Feudal Age
14:07 Castle Age
13:07 Horse Collar
13:17 Double-Bit Axe
17:17 Loom
18:43 Wheelbarrow
22:49 Bow Saw
23:40 Gold Mining
25:36 Hand Cart
25:28 Stone Mining
26:36 Heavy Plow
26:49 Scale Barding Armor
26:48 Scale Mail Armor
30:32 Imperial Age
29:02 Chain Mail Armor
29:08 Chain Barding Armor
29:12 Bloodlines
29:02 Husbandry
29:08 Tusk Swords
29:56 Gold Shaft Mining
30:54 Forging
32:20 Conscription
32:16 Elite Battle Elephant
34:39 Plate Barding Armor
34:54 Stone Shaft Mining
35:09 Siege Engineers
35:30 Elite Ballista Elephant
36:51 Fletching
China`s liu
10:51 Feudal Age
15:14 Castle Age
14:08 Double-Bit Axe
14:05 Horse Collar
18:24 Bow Saw
19:30 Heavy Plow
26:25 Wheelbarrow
26:52 Loom
26:53 Town Watch
27:43 Hand Cart
27:35 Gold Mining
27:38 Stone Mining
30:39 Imperial Age
28:18 Town Patrol
28:37 Marauders
29:20 Forging
29:16 Scale Barding Armor
30:02 Bloodlines
29:54 Husbandry
30:36 Iron Casting
32:39 Conscription
33:10 Gold Shaft Mining
33:30 Chain Barding Armor
34:43 Blast Furnace
33:45 Elite Tarkan
35:06 Plate Barding Armor
36:41 Scale Mail Armor
37:03 Squires
36:50 Arson
36:29 Pikeman
37:00 Halberdier
38:49 Chain Mail Armor
Gautier Sans-Avoir
10:35 Feudal Age
11:07 Double-Bit Axe
14:31 Loom
17:51 Castle Age
16:00 Horse Collar
18:17 Heavy Plow
18:34 Light Cavalry
20:08 Bow Saw
20:18 Bloodlines
24:55 Fletching
25:05 Padded Archer Armor
25:45 Wheelbarrow
26:35 Town Watch
26:50 Bodkin Arrow
27:11 Leather Archer Armor
27:06 Scale Barding Armor
27:47 Bow Saw
27:53 Stone Mining
27:54 Gold Mining
28:28 Forging
29:32 Chain Barding Armor
29:52 Devotion
29:47 Herbal Medicine
30:27 Leather Archer Armor
31:32 Iron Casting
32:23 Hand Cart
34:30 Kamandaran
34:13 Crossbowman
35:32 Thumb Ring
36:28 Ballistics
39:41 Imperial Age
38:12 Gold Shaft Mining
39:41 Masonry
41:28 Ring Archer Armor
41:34 Plate Barding Armor
42:27 Chemistry
42:08 Elite War Elephant
43:08 Conscription
44:29 Blast Furnace
44:03 Architecture
44:12 Citadels
44:39 Hoardings
大汉忠臣曹孟德
11:52 Feudal Age
11:47 Double-Bit Axe
12:52 Loom
16:21 Castle Age
19:42 Bow Saw
22:00 Wheelbarrow
22:24 Horse Collar
23:58 Town Watch
25:57 Hand Cart
29:35 Imperial Age
27:21 Pikeman
29:03 Husbandry
28:24 Light Cavalry
29:26 Forging
29:22 Scale Barding Armor
29:14 Gold Mining
29:15 Stone Mining
30:03 Conscription
30:31 Gold Shaft Mining
31:27 Iron Casting
31:48 Guilds
33:27 Stone Shaft Mining
35:24 Blast Furnace
34:16 Fletching
34:26 Padded Archer Armor
34:35 Elite Battle Elephant
35:48 Town Patrol
38:30 Bodkin Arrow
38:50 Leather Archer Armor
42:04 Herbal Medicine
41:43 Cavalier
42:49 Heavy Plow
SharkeyTank
11:25 Feudal Age
15:10 Castle Age
13:16 Double-Bit Axe
15:20 Horse Collar
16:08 Bow Saw
16:30 Horse Collar
24:02 Wheelbarrow
23:59 Scale Barding Armor
24:05 Forging
26:50 Chain Barding Armor
26:44 Bloodlines
30:29 Imperial Age
28:17 Hand Cart
30:39 Gold Mining
31:39 Conscription
31:38 Forging
31:39 Elite Mameluke
33:42 Husbandry
35:35 Gold Shaft Mining
34:51 Stone Mining
38:50 Light Cavalry
39:34 Scale Mail Armor
40:11 Iron Casting
39:56 Pikeman
42:09 Chain Mail Armor
42:55 Blast Furnace
44:26 Plate Mail Armor
I Move Soft
11:24 Feudal Age
15:37 Castle Age
15:40 Double-Bit Axe
15:48 Horse Collar
23:27 Heavy Plow
23:30 Gold Mining
25:58 Gold Shaft Mining
25:37 Bow Saw
25:55 Stone Mining
27:30 Wheelbarrow
26:42 Loom
30:43 Imperial Age
28:29 Fletching
28:41 Padded Archer Armor
29:24 Hand Cart
29:56 Red Cliffs Tactics
31:26 Bodkin Arrow
31:47 Leather Archer Armor
31:57 Ballistics
32:38 Chemistry
31:15 Elite Fire Archer
32:40 Conscription
32:24 Bracer
32:10 Treadmill Crane
35:57 Onager
37:31 Forging
37:21 Scale Mail Armor
41:50 Murder Holes
vdL
11:58 Feudal Age
12:35 Horse Collar
17:16 Castle Age
15:07 Double-Bit Axe
16:12 Gold Mining
19:09 Stone Mining
22:37 Fortified Wall
26:27 Bow Saw
27:09 Heavy Plow
28:32 Wheelbarrow
27:43 Loom
32:07 Imperial Age
30:03 Fletching
30:16 Padded Archer Armor
30:39 Forging
30:42 Bloodlines
30:44 Nomads
30:33 Town Watch
31:10 Bodkin Arrow
31:17 Padded Archer Armor
31:50 Ballistics
31:40 Masonry
31:45 Murder Holes
32:04 Masonry
31:59 Husbandry
32:40 Leather Archer Armor
33:32 Bracer
32:56 Elite Mangudai
34:27 Iron Casting
35:14 Conscription
34:35 Light Cavalry
36:56 Blast Furnace
jphilkill
0:45 Loom
6:47 Wheelbarrow
12:13 Feudal Age
11:23 Double-Bit Axe
18:00 Castle Age
16:10 Horse Collar
16:23 Gold Mining
16:54 Stone Mining
17:41 Bow Saw
21:01 Hand Cart
21:11 Heavy Plow
22:11 Gold Shaft Mining
29:19 Pikeman
30:00 Squires
30:03 Scale Mail Armor
31:58 Stone Shaft Mining
31:55 Crop Rotation
32:58 Forging
34:29 Chain Mail Armor
34:49 Iron Casting
38:47 Imperial Age
38:59 Halberdier
40:07 Halberdier
Connection lost

Rejoining the realm…

Still unreachable

The connection could not be restored.

Session expired

The server has moved on; the page needs a fresh start.